 Dungeon Crawl Stone Soup version 0.28.0 (webtiles) character file.

Game seed: 13979553723745760216

1794 Barbarella the Ruffian (level 8, -12/83 HPs)
             Began as a Troll Monk on Feb 14, 2022.
             Was a Believer of Cheibriados.
             Mangled by a chaos spawn (14 damage)
             ... summoned by a kobold demonologist
             ... on level 6 of the Dungeon.
             The game lasted 00:09:44 (4207 turns).

Barbarella the Ruffian (Troll Monk)                 Turns: 4207, Time: 00:09:45

Health: -12/83     AC:  5    Str: 26    XL:     8   Next: 82%
Magic:  7/7        EV: 10    Int: 10    God:    Cheibriados [**....]
Gold:   147        SH:  0    Dex: 16    Spells: 7/7 levels left

rFire   . . .      SeeInvis +     - Unarmed
rCold   . . .      Faith    .   (no shield)
rNeg    . . .      Spirit   .   a - +1 robe
rPois   .          Reflect  .   (helmet restricted)
rElec   .          Harm     .   (no cloak)
rCorr   .          Rampage  .   (gloves unavailable)
Will    .....                   (boots unavailable)
Stlth   ++........              (no amulet)
HPRegen 1.03/turn               q - ring of see invisible
MPRegen 0.10/turn               j - ring of flight

@: lethally poisoned (-12 -> -16), flying, very slow
A: large, unfitting armour, claws 3, regeneration 1, shaggy fur 1, tough skin 1
a: Renounce Religion, Bend Time


You were on level 6 of the Dungeon.
You worshipped Cheibriados.
Cheibriados was pleased with you.
You visited 1 branch of the dungeon, and saw 6 of its levels.

You collected 147 gold pieces.

Inventory:

Missiles
 d - 151 stones (quivered)
 l - 2 throwing nets
Armour
 a - a +1 robe (worn)
Jewellery
 j - a ring of flight (right claw)
 n - a ring of ice
 q - a ring of see invisible (left claw)
Wands
 b - a wand of polymorph (4)
 g - a wand of digging (3)
 p - a wand of paralysis (9)
Scrolls
 r - a scroll of identify
Potions
 e - a potion of invisibility
 f - a potion of resistance {unknown}
 h - 2 potions of attraction
 o - a potion of magic {unknown}
 s - a potion of lignification {unknown}


   Skills:
 + Level 6.1 Fighting
 - Level 4.0 Throwing
 + Level 2.7 Dodging
 - Level 3.0 Stealth
 * Level 7.0 Unarmed Combat


You had 7 spell levels left.
You didn't know any spells.
Your spell library contained the following spells:

 Spells                   Type           Power      Damage    Failure   Level
 Animate Skeleton         Necr           0%         N/A       36%         1
 Pain                     Necr           0%         1d4       36%         1
 Vampiric Draining        Necr           0%         2d6       75%         3


Dungeon Overview and Level Annotations

Branches:
Dungeon (6/15)
 Temple: D:4-7

Altars:
Cheibriados
Dithmenos
Sif Muna
Trog


Innate Abilities, Weirdness & Mutations

You are too large for most types of armour.
You have claws for hands.
Your natural rate of healing is unusually fast.
You are covered in fur. (AC +1)
You have tough skin. (AC +1)


Message History

The kobold demonologist hits you with a +2 dagger of venom.
* * * LOW HITPOINT WARNING * * *
The ufetubus barely misses you. The ufetubus hits you.
* * * LOW HITPOINT WARNING * * *
You miss the kobold demonologist.
Your claw misses the kobold demonologist.
The kobold demonologist is almost dead.
You feel sick. The ufetubus closely misses you. The ufetubus hits you.
* * * LOW HITPOINT WARNING * * *
The kobold demonologist mumbles some strange words.
The ufetubus closely misses you. The ufetubus hits you.
* * * LOW HITPOINT WARNING * * *
You barely miss the kobold demonologist.
The kobold demonologist is almost dead.
You feel sick. The ufetubus barely misses you.
The ufetubus hits you but does no damage.
The kobold demonologist begins to cast a cantrip, but forgets the words!
The ufetubus hits the bush but does no damage. x2
Unknown command.
You feel better. The ufetubus closely misses you.
The ufetubus barely misses you.
The ufetubus hits the bush but does no damage. x2
The kobold demonologist hits you with a +2 dagger of venom.
* * * LOW HITPOINT WARNING * * *
You are poisoned.
You scratch the kobold demonologist.
The kobold demonologist is almost dead.
You feel sick.
The ufetubus hits the bush but does no damage. x2
The iron imp hits you!
* * * LOW HITPOINT WARNING * * *
The ufetubus hits the bush but does no damage. x2
The kobold demonologist hits you but does no damage.
You are lethally poisoned!
The ufetubus hits the bush.
The ufetubus hits the bush but does no damage.
It was a potion of cancellation.
You feel magically purged.
* * * LOW HITPOINT WARNING * * *
You feel sick.
The ufetubus hits the bush. x2; The chaos spawn gores you!
You die...

############
#..........#
#..........#
###..........##
.........§....####
#....DK..§.....#
#....D######'''######
. #.....# +K55..'...#
.. ##...§.#
+@PPP.'._.# .K.
#.....## +.45..'...#
....#.D.###
##'''###### K>.K.5..#
#....#
....K...########.####
...................#
..§.#...###........#
.D..#...# ##.....>.#
....#...# #.......#


You could see a kobold demonologist, a chaos spawn (summoned), an iron imp
(summoned) and 2 ufetubi.

Vanquished Creatures
  Pikel (D:3)
  Sigmund (D:2)
  A water moccasin (D:6)
  2 ogres
  3 lemures (D:3)
  A phantom (D:4)
  2 scorpions
  A wyvern zombie (D:6)
  A wyvern skeleton (D:4)
  A centaur zombie (D:6)
  An orc priest (D:5)
  3 hounds
  Crazy Yiuf (D:2)
  Ijyb (D:5)
  A centaur skeleton (D:5)
  Natasha (thrice) (D:4)
  2 iguanas
  A hound skeleton (D:4)
  11 adders
  6 gnolls (D:5)
  An ufetubus (D:6)
  3 worms
  3 dart slugs
  5 orcs
  5 bats
  4 endoplasms
  3 giant cockroaches
  3 goblins
  6 hobgoblins
  A quokka (D:1)
  2 ball pythons
  3 frilled lizards
  11 kobolds
  A rat (D:2)
95 creatures vanquished.

Vanquished Creatures (others)
  An orc (D:6)
  A fungus (D:2)
2 creatures vanquished.

Grand Total: 97 creatures vanquished

Notes
Turn   | Place    | Note
-------+----------+-------------------------------------------
     0 | D:1      | Barbarella the Troll Monk began the quest for the Orb.
     0 | D:1      | Reached XP level 1. HP: 22/22 MP: 0/0
   151 | D:1      | Reached XP level 2. HP: 29/29 MP: 1/1
   207 | D:1      | Found a faded altar of an unknown god.
   475 | D:2      | Reached skill level 4 in Unarmed Combat
   475 | D:2      | Reached XP level 3. HP: 36/36 MP: 2/2
   544 | D:2      | Noticed Sigmund
   563 | D:2      | Killed Sigmund
   564 | D:2      | Reached skill level 6 in Unarmed Combat
   564 | D:2      | Reached XP level 4. HP: 7/44 MP: 3/3
   564 | D:2      | Reached XP level 5. HP: 8/50 MP: 4/4
   701 | D:2      | Found a shimmering blue altar of Sif Muna.
  1015 | D:2      | Found a runed translucent door.
  1016 | D:2      | Noticed Crazy Yiuf
  1476 | D:2      | Killed Crazy Yiuf
  1614 | D:3      | Noticed an ogre
  1619 | D:3      | Killed an ogre
  1620 | D:3      | Reached XP level 6. HP: 25/61 MP: 5/5
  2170 | D:4      | Noticed Pikel
  2216 | D:3      | Killed Pikel
  2217 | D:3      | Reached skill level 5 in Fighting
  2217 | D:3      | Reached XP level 7. HP: 25/74 MP: 6/6
  2363 | D:4      | Noticed Natasha
  2371 | D:4      | Killed Natasha
  2516 | D:4      | Found a bloodstained altar of Trog.
  2655 | D:4      | Reached XP level 8. HP: 65/83 MP: 7/7
  2726 | D:4      | Noticed Natasha
  2730 | D:4      | Killed Natasha
  2963 | D:4      | Noticed Natasha
  2971 | D:4      | Killed Natasha
  3029 | D:5      | Entered Level 5 of the Dungeon
  3083 | D:5      | Noticed a two-headed ogre
  3388 | D:5      | Reached skill level 1 in Throwing
  3523 | D:5      | Noticed Ijyb
  3548 | D:5      | Killed Ijyb
  3985 | D:5      | Found a snail-covered altar of Cheibriados.
  3990 | D:5      | Became a worshipper of Cheibriados the Contemplative
  3990 | D:5      | Reached * piety under Cheibriados
  3990 | D:5      | Reached ** piety under Cheibriados
  4137 | D:6      | Found a shadowy altar of Dithmenos.
  4154 | D:6      | Reached skill level 7 in Unarmed Combat
  4174 | D:6      | Noticed a kobold demonologist
  4206 | D:6      | HP: 3/83 [iron imp[a kobold demonologist] (9)]
  4207 | D:6      | Mangled by a chaos spawn

Illustrated notes

Levels and vault maps discovered:
D:1:      dpeg_arrival_court, layout_rooms, basic_ecumenical_altar
D:2:      layout_loops_ring, basic_altar,
          nicolae_concentric_dashed_squares_mild, minivault_19, uniq_sigmund,
          uniq_crazy_yiuf_cottage
D:3:      layout_loops_ring
D:4:      layout_basic, trog_book, uniq_natasha, uniq_pikel
D:5:      layout_basic, kennysheep_mini_moat, uniq_ijyb
D:6:      layout_rooms, mainiacjoe_overflow_big_doors

Skill      XL: |  1  2  3  4  5  6  7  8 |
---------------+-------------------------+-----
Unarmed Combat | 4 6 7 |  7.0
Fighting       | 3 5 6 |  6.1
Stealth        | 2 3 |  3.0
Throwing       | 4 |  4.0
Dodging        | |  2.7

Action                   |  1- 3 |  4- 6 |  7- 9 || total
-------------------------+-------+-------+-------++-------
Melee: Unarmed           |    44 |    78 |   155 ||   277
       Punch             |     1 |       |     8 ||     9
Throw: Stone             |       |       |     3 ||     3
  Use: Scroll            |       |       |     6 ||     6
       Potion            |       |       |     2 ||     2
 Stab: Sleeping          |     1 |     2 |     4 ||     7
       Distracted        |       |     1 |     1 ||     2
Armor: Robe              |     5 |    13 |    35 ||    53
Dodge: Dodged            |    19 |    27 |    94 ||   140
